Map: Divergence LE

Players

Massa - Winner!

  • Race: Terran Terran
  • League: Gold
  • Spawn Location: 5:00

qqq - Winner!

  • Race: Zerg Zerg
  • League: Platinum
  • Spawn Location: 5:00

nsimeonov

  • Race: Protoss Protoss
  • Spawn Location: 11:00

simonsays

  • Race: Terran Terran
  • League: Platinum
  • Spawn Location: 11:00

VOD

Have the link to the VOD?

Description

Time

  • Played on: May 11, 2020, 7:20 a.m.
  • Length: 6:23
Show
View Real Time Build Order
Export as new Build Order

Massa Terran - Winner!

Build Orders:  

Get SALT Encoding   

  12  0:13  SCV  
  13  0:15  Supply Depot  
  13  0:25  SCV  
  14  0:38  SCV, Barracks  
  15  0:50  SCV  
  16  0:59  Supply Depot  
  16  1:02  SCV  
  17  1:14  SCV  
  18  1:26  SCV  
  18  1:28  Barracks  
  18  1:31  Barracks  
  19  1:38  SCV  
  19  1:39  Supply Depot  
  20  1:47  Refinery, Marine  
  20  1:50  SCV  
  22  2:05  Marine  
  22  2:06  Barracks  
  23  2:16  Orbital Command  
  23  2:19  Marine  
  23  2:20  Marine  
  25  2:22  Marine  
  26  2:34  Supply Depot  
  26  2:37  Marine x2  
  26  2:40  Marine  
  29  2:53  Marine  
  29  2:55  Marine x2  
  32  2:58  Marine  
  33  3:07  Supply Depot  
  33  3:11  Marine  
  34  3:13  Marine x2  
  34  3:16  Marine  
  37  3:29  Marine  
  37  3:31  Marine x2  
  37  3:34  Marine  
  41  3:47  Marine  
  42  3:48  Marine  
  41  4:20  Marine  
  41  4:21  Marine x3  
  33  4:38  Marine x2  
  33  4:39  Marine x2  
  35  4:56  Marine x3  
  35  4:57  Marine  
  39  5:03  Command Center  
  39  5:06  Factory  
  39  5:14  Marine x4  
  39  5:19  SCV  
  44  5:26  Engineering Bay  
  44  5:31  SCV  
  44  5:32  Marine x2  
  46  5:43  SCV  
  46  5:48  Marine x2  
  47  5:50  Marine x2  
  47  5:51  Factory  
  47  5:55  SCV  
Show
View Real Time Build Order
Export as new Build Order

qqq Zerg - Winner!

Build Orders: Hatch First 

Get SALT Encoding   

  12  0:01  Drone  
  13  0:08  Drone  
  14  0:37  Hatchery  
  13  0:51  Spawning Pool  
  12  0:59  Overlord  
  12  1:04  Drone  
  12  1:10  Drone  
  14  1:13  Extractor  
  13  1:24  Drone  
  13  1:25  Drone  
  15  1:40  Zergling x2  
  15  1:41  Queen  
  18  1:52  Zergling x2  
  18  1:53  Drone  
  20  1:59  Queen  
  22  2:05  Zergling x2  
  23  2:08  Zergling x2  
  25  2:15  Zergling x2  
  25  2:31  Zergling x2  
  25  2:32  Zergling x2  
  25  2:33  Zergling x2  
  25  2:34  Overlord  
  28  2:44  Metabolic Boost  
  27  2:53  Zergling x4  
  29  2:59  Zergling x2  
  29  3:01  Drone  
  31  3:10  Overlord  
  31  3:14  Drone  
  31  3:18  Zergling x2  
  33  3:25  Zergling x2  
  33  3:26  Zergling x2  
  35  3:42  Zergling x2  
  35  3:43  Zergling x6  
  35  3:47  Drone  
  40  3:59  Zergling x4  
  40  4:00  Zergling x2  
  34  4:16  Zergling x4  
  34  4:17  Zergling x4  
  36  4:20  Zergling x4  
  36  4:36  Zergling x2  
  36  4:37  Zergling x2  
  32  4:45  Zergling x2  
  32  4:46  Zergling x2  
  33  4:54  Zergling x4  
  33  4:55  Zergling x6  
  33  4:56  Zergling x2  
  39  5:00  Overlord  
  39  5:06  Zergling x2  
  40  5:08  Zergling x2  
  41  5:16  Zergling x2  
  41  5:17  Zergling x2  
  43  5:22  Zergling x2  
  41  5:40  Zergling x2  
  41  5:41  Zergling x10  
  39  5:55  Zergling x8  
  43  5:57  Zergling x2  
Show
View Real Time Build Order
Export as new Build Order

nsimeonov Protoss 

Build Orders:  

Get SALT Encoding   

  12  0:13  Probe  
  13  0:17  Pylon  
  13  0:25  Probe  
  14  0:37  Probe  
  15  0:51  Probe (Chrono Boost)  
  15  0:56  Gateway  
  16  0:57  Forge  
  16  1:01  Probe (Chrono Boost)  
  17  1:06  Probe (Chrono Boost)  
  18  1:17  Probe, Assimilator  
  19  1:19  Assimilator  
  18  1:29  Probe  
  19  1:41  Pylon  
  19  1:50  Probe (Chrono Boost)  
  20  2:00  Pylon  
  20  2:02  Probe (Chrono Boost)  
  20  2:06  Photon Cannon  
  21  2:09  Probe (Chrono Boost)  
  21  2:10  Cybernetics Core  
  21  2:12  Pylon  
  22  2:18  Probe  
  23  2:28  Photon Cannon  
  23  2:40  Probe  
  24  2:47  Stalker  
  26  2:52  Pylon  
  26  2:59  Stargate  
  26  3:05  Pylon  
  26  3:09  Probe  
  27  3:26  Stalker  
  29  3:39  Photon Cannon  
  29  3:42  Void Ray  
  29  3:48  Shield Battery  
  33  3:57  Stalker  
  35  4:18  Shield Battery  
  35  4:27  Stalker  
  37  4:50  Void Ray  
  41  4:57  Zealot  
  41  4:59  Pylon  
  43  5:05  Pylon  
  43  5:06  Photon Cannon  
  43  5:19  Photon Cannon  
  43  5:22  Photon Cannon  
  43  5:28  Shield Battery  
  35  5:50  Zealot  
Show
View Real Time Build Order
Export as new Build Order

simonsays Terran 

Build Orders:  

Get SALT Encoding   

  12  0:01  SCV  
  13  0:13  SCV  
  14  0:21  Supply Depot  
  14  0:26  Refinery  
  14  0:29  SCV  
  15  0:43  SCV  
  15  0:49  Barracks  
  16  0:56  SCV  
  17  1:08  SCV  
  18  1:22  SCV  
  19  1:36  Orbital Command, Barracks, Supply Depot  
  19  1:39  Barracks Reactor  
  19  1:46  Supply Depot  
  19  2:01  SCV  
  19  2:07  Factory  
  20  2:24  Barracks Tech Lab, Marine  
  20  2:25  Marine  
  22  2:32  SCV  
  23  2:44  Stimpack  
  23  2:45  Command Center  
  23  2:56  SCV  
  23  2:57  Refinery  
  24  2:59  Factory Tech Lab  
  24  3:05  Marine x3  
  27  3:18  SCV  
  28  3:30  Starport, Supply Depot  
  28  3:35  SCV  
  28  3:41  Marine x3  
  30  3:52  Siege Tank  
  33  3:58  Marine  
  23  4:03  Marine  
  23  4:04  Marine  
  17  4:16  Marine  
  16  4:23  Marine  
  8  5:02  SCV  
  9  5:09  SCV  
  10  5:26  SCV x2  
  9  5:46  Marine  
  9  5:49  Factory Tech Lab  
  8  6:04  Marine  
  8  6:07  Factory Tech Lab  
Tags
 
Add a new tag
Caveats
  • Supply blocks, unpowered buildings, or Contaminate may cause inaccurate times.
  • Supply counts are checked every 10 seconds.